SAA
CASPER GHOSTS @ BELVEDERE PARK RAWHIDES
07/14/2037
 
TOP OF THE 1ST
Casper Ghosts batting - Pitching for Belvedere Park Rawhides : LHP Javier Vallejo
Pitching: LHP Javier Vallejo
Batting: LHB Charles Godard 0-0: Ball
1-0: Called Strike
1-1: SINGLE (Flyball, 7LS, EV 89.4 MPH)
Batting: LHB Duncan Witteman 0-0: Ball
1-0: Fly out, F1 (Line Drive, P, EV 67.5 MPH)
Batting: RHB César Guerra 0-0: Ball
1-0: Called Strike
1-1: Ball
2-1: Ball
3-1: Base on Balls
Charles Godard to second
Batting: RHB Tristan Eikelenboom 0-0: Ball
1-0: Called Strike
Charles Godard steals 3rd base
1-1: Called Strike
1-2: Fly out, F8 (Flyball, 8RXD, EV 93.1 MPH)
Runner from 3rd tags up, SCORES, no throw by CF
Batting: SHB Arend van der Veen 0-0: Foul Ball, location: 2F
0-1: Ball
1-1: DOUBLE (Line Drive, 89M, EV 90.0 MPH)
César Guerra to third
Batting: LHB Carlos Campos 0-0: Ball
1-0: Ball
2-0: Ball
3-0: Called Strike
3-1: Called Strike
3-2: Base on Balls
Batting: LHB Ed Holte 0-0: Ball
1-0: Ball
2-0: Called Strike
2-1: Foul Ball, location: 2F
2-2: Ball
3-2: Foul Ball, location: 2F
3-2: Base on Balls
César Guerra scores
Arend van der Veen to third
Carlos Campos to second
Batting: LHB Basava Puri 0-0: Called Strike
0-1: SINGLE (Groundball, 4MD, EV 104.4 MPH)
Arend van der Veen scores
Carlos Campos to third
Ed Holte to second
Runner from 3rd tries for Home, SAFE, throw by CF to home
Batting: RHB Ángel Castro 0-0: Called Strike
0-1: Ball
1-1: Foul Ball, location: 2F
1-2: Foul Ball, location: 2F
1-2: Ball
2-2: Fielders Choice at 2nd, 6-4 (Groundball, 6, EV 85.0 MPH)
Top of the 1st over - 4 runs, 3 hits, 0 errors, 2 left on base; Casper 4 - Belvedere Park 0
BOTTOM OF THE 1ST
Belvedere Park Rawhides batting - Pitching for Casper Ghosts : LHP Jorge Oyas
Pitching: LHP Jorge Oyas
Batting: RHB Woodrow McGuire 0-0: Called Strike
0-1: Ball
1-1: Ground out U3 (Groundball, 34S, EV 87.5 MPH)
Batting: LHB Bill Dixon 0-0: Foul Ball, location: 2F
0-1: Swinging Strike
0-2: Strikes out swinging
Batting: RHB Hang-ki Chung 0-0: Ball
1-0: Ball
2-0: Fly out, F7 (Line Drive, 7, EV 92.5 MPH)
Bottom of the 1st over - 0 runs, 0 hits, 0 errors, 0 left on base; Casper 4 - Belvedere Park 0
TOP OF THE 2ND
Casper Ghosts batting - Pitching for Belvedere Park Rawhides : LHP Javier Vallejo
Batting: LHB Charles Godard 0-0: Ball
1-0: Ball
2-0: Called Strike
2-1: Fly out, F7 (Flyball, 78S, EV 87.5 MPH)
Batting: LHB Duncan Witteman 0-0: SINGLE (Line Drive, 56D, EV 97.5 MPH)
Batting: RHB César Guerra 0-0: Ball
1-0: Called Strike
1-1: SINGLE (Line Drive, 4D, EV 105.6 MPH)
Duncan Witteman to second
Batting: RHB Tristan Eikelenboom 0-0: Called Strike
0-1: Called Strike
0-2: Strikes out swinging
Batting: SHB Arend van der Veen 0-0: Ball
1-0: Fly out, F9 (Flyball, 9S, EV 91.9 MPH)
Top of the 2nd over - 0 runs, 2 hits, 0 errors, 2 left on base; Casper 4 - Belvedere Park 0
BOTTOM OF THE 2ND
Belvedere Park Rawhides batting - Pitching for Casper Ghosts : LHP Jorge Oyas
Batting: RHB Duane Davis 0-0: Ball
1-0: Called Strike
1-1: Foul Ball, location: 2F
1-2: Ball
2-2: Ball
3-2: Foul Ball, location: 2F
3-2: Foul Ball, location: 2F
3-2: SINGLE (Flyball, 7LM, EV 93.1 MPH)
Batting: RHB Jaime Martínez 0-0: Swinging Strike
0-1: Ball
1-1: Ball
2-1: Ball
3-1: Base on Balls
Duane Davis to second
Batting: LHB Ken Gill 0-0: Called Strike
0-1: Ball
1-1: Ball
2-1: Foul Ball, location: 2F
2-2: Ball
3-2: Strikes out swinging
Batting: RHB Wallace Belyeu 0-0: Ball
1-0: Ball
2-0: Called Strike
2-1: Ball
3-1: Base on Balls
Duane Davis to third
Jaime Martínez to second
Batting: LHB Alec Hall 0-0: Ball
1-0: Fly out, F9 (Line Drive, 9D, EV 96.2 MPH)
Runner from 3rd tags up, SCORES, no throw by RF
Batting: RHB Toyoshige Ine 0-0: Foul Ball, location: 2F
0-1: Ground out 5-3 (Groundball, 56S, EV 83.1 MPH)
Bottom of the 2nd over - 1 run, 1 hit, 0 errors, 2 left on base; Casper 4 - Belvedere Park 1
TOP OF THE 3RD
Casper Ghosts batting - Pitching for Belvedere Park Rawhides : LHP Javier Vallejo
Batting: LHB Carlos Campos 0-0: Ball
1-0: DOUBLE (Line Drive, 8RXD, EV 111.2 MPH)
Batting: LHB Ed Holte 0-0: Ball
1-0: Ball
2-0: Ball
3-0: Base on Balls
Batting: LHB Basava Puri 0-0: Ball
1-0: Foul Ball, location: 2F
1-1: Fly out, F7 (Flyball, 7D, EV 90.0 MPH)
Runner from 2nd tags up, SAFE at 3rd, no throw by LF
Batting: RHB Ángel Castro 0-0: Called Strike
0-1: SINGLE (Groundball, 56D, EV 103.1 MPH)
Carlos Campos scores
Ed Holte to second
Batting: LHB Charles Godard 0-0: SINGLE (Groundball, 34D, EV 97.5 MPH)
Ed Holte to third
Ángel Castro to second
Runner from 3rd tries for Home, SAFE, throw by RF to home
Pitching: RHP Ed Kreuze
Batting: LHB Duncan Witteman 0-0: Ball
1-0: Ball
2-0: Ball
3-0: Called Strike
3-1: Foul Ball, location: 2F
3-2: Base on Balls
Ángel Castro to third
Charles Godard to second
Batting: RHB César Guerra 0-0: Called Strike
0-1: Ball
1-1: Foul Ball, location: 2F
1-2: Ball
2-2: Fly out, F9 (Line Drive, 9D, EV 86.2 MPH)
Batting: RHB Tristan Eikelenboom 0-0: Fly out, F9 (Flyball, 9LSF, EV 85.6 MPH)
Top of the 3rd over - 2 runs, 3 hits, 0 errors, 3 left on base; Casper 6 - Belvedere Park 1
BOTTOM OF THE 3RD
Belvedere Park Rawhides batting - Pitching for Casper Ghosts : LHP Jorge Oyas
Batting: RHB Woodrow McGuire 0-0: Ball
1-0: SINGLE (Groundball, 4MD, EV 110.0 MPH)
Batting: LHB Bill Dixon 0-0: Ball
1-0: Foul Ball, location: 2F
1-1: Swinging Strike
1-2: Fielders Choice at 2nd, 6-4 (Groundball, 56, EV 88.1 MPH)
Batting: RHB Hang-ki Chung 0-0: Ball
Bill Dixon steals 2nd base
1-0: SINGLE (Line Drive, 56D, EV 96.2 MPH)
Bill Dixon to third
Runner from 3rd tries for Home, SAFE, no throw by LF
Batting: RHB Duane Davis 0-0: Ball
1-0: Ball
2-0: Foul Ball, location: 2F
2-1: Ball
3-1: Called Strike
3-2: Fly out, F9 (Flyball, 9, EV 75.6 MPH)
Batting: RHB Jaime Martínez 0-0: Ball
1-0: Foul Ball, location: 2F
1-1: Ball
2-1: Swinging Strike
2-2: Strikes out swinging
Bottom of the 3rd over - 1 run, 2 hits, 0 errors, 1 left on base; Casper 6 - Belvedere Park 2
TOP OF THE 4TH
Casper Ghosts batting - Pitching for Belvedere Park Rawhides : RHP Ed Kreuze
Batting: SHB Arend van der Veen 0-0: Called Strike
0-1: Swinging Strike
0-2: Ball
1-2: SINGLE (Groundball, 34D, EV 99.4 MPH)
Batting: LHB Carlos Campos 0-0: Foul Ball, location: 2F
0-1: Swinging Strike
0-2: Fly out, F9 (Flyball, 9D, EV 89.4 MPH)
Batting: LHB Ed Holte 0-0: Ball
1-0: Ball
2-0: Called Strike
2-1: Called Strike
2-2: Strikes out swinging
Batting: LHB Basava Puri 0-0: Foul Ball, location: 2F
0-1: Ball
1-1: Ball
2-1: Ball
3-1: SINGLE (Flyball, 89S, EV 91.2 MPH)
Arend van der Veen to second
Batting: RHB Ángel Castro 0-0: Ball
1-0: Ball
2-0: Fly out, F6 (Line Drive, 6, EV 66.2 MPH)
Top of the 4th over - 0 runs, 2 hits, 0 errors, 2 left on base; Casper 6 - Belvedere Park 2
BOTTOM OF THE 4TH
Belvedere Park Rawhides batting - Pitching for Casper Ghosts : LHP Jorge Oyas
Batting: LHB Ken Gill 0-0: SINGLE (Flyball, 6MD, EV 87.5 MPH)
Batting: RHB Wallace Belyeu 0-0: Ball
1-0: Called Strike
1-1: Swinging Strike
1-2: Ball
2-2: Fielders Choice at 2nd, 4-6 (Groundball, 34, EV 81.2 MPH)
Batting: LHB Alec Hall 0-0: Ball
1-0: Ball
2-0: Ball
Wild Pitch!
Wallace Belyeu to second
3-0: Base on Balls
Batting: RHB Toyoshige Ine 0-0: Called Strike
0-1: Ball
1-1: Foul Ball, location: 2F
1-2: Strikes out swinging
Batting: RHB Woodrow McGuire 0-0: Foul Ball, location: 2F
0-1: Ball
1-1: Foul Ball, location: 2F
1-2: SINGLE (Line Drive, 7LS, EV 91.2 MPH)
Wallace Belyeu to third
Alec Hall to second
Runner from 3rd tries for Home, SAFE, throw by LF to home
Batting: LHB Bill Dixon 0-0: Called Strike
0-1: Ball
1-1: Ground out U3 (Groundball, 34, EV 89.4 MPH)
Bottom of the 4th over - 1 run, 2 hits, 0 errors, 2 left on base; Casper 6 - Belvedere Park 3
TOP OF THE 5TH
Casper Ghosts batting - Pitching for Belvedere Park Rawhides : RHP Ed Kreuze
Batting: LHB Charles Godard 0-0: Foul Ball, location: 2F
0-1: DOUBLE (Line Drive, 9LM, EV 105.6 MPH)
Batting: LHB Duncan Witteman 0-0: Called Strike
0-1: Ball
1-1: Foul Ball, location: 2F
1-2: Ground out 1-3 (Groundball, 34S, EV 77.5 MPH)
Charles Godard to third
Batting: RHB César Guerra 0-0: Ground out 6-3 (Groundball, 6, EV 86.2 MPH)
Charles Godard scores
Batting: RHB Tristan Eikelenboom 0-0: Ball
1-0: Fly out, F8 (Flyball, 8LM, EV 96.9 MPH)
Top of the 5th over - 1 run, 1 hit, 0 errors, 0 left on base; Casper 7 - Belvedere Park 3
BOTTOM OF THE 5TH
Belvedere Park Rawhides batting - Pitching for Casper Ghosts : LHP Jorge Oyas
Batting: RHB Hang-ki Chung 0-0: Fly out, F8 (Flyball, 8LM, EV 88.8 MPH)
Batting: RHB Duane Davis 0-0: Ball
1-0: Called Strike
1-1: Ball
2-1: Ball
3-1: Foul Ball, location: 2F
3-2: Base on Balls
Batting: RHB Jaime Martínez 0-0: Called Strike
0-1: Ball
1-1: Grounds into double play, 5-4-3 (Groundball, 5, EV 84.4 MPH)
Bottom of the 5th over - 0 runs, 0 hits, 0 errors, 0 left on base; Casper 7 - Belvedere Park 3
TOP OF THE 6TH
Casper Ghosts batting - Pitching for Belvedere Park Rawhides : RHP Ed Kreuze
Batting: SHB Arend van der Veen 0-0: Called Strike
0-1: Foul Ball, location: 2F
0-2: Foul Ball, location: 2F
0-2: Foul Ball, location: 2F
0-2: DOUBLE (Line Drive, 9LD, EV 105.6 MPH)
Batting: LHB Carlos Campos 0-0: Ball
Wild Pitch!
Arend van der Veen to third
1-0: Called Strike
1-1: Ball
2-1: Called Strike
2-2: Strikes out looking
Batting: LHB Ed Holte 0-0: 2-RUN HOME RUN (Flyball, 89XD, EV 103.8 MPH), Distance : 407 ft
Batting: LHB Basava Puri 0-0: Called Strike
0-1: Swinging Strike
0-2: Foul Ball, location: 2F
0-2: Strikes out swinging
Batting: RHB Ángel Castro 0-0: Ball
1-0: Foul Ball, location: 2F
1-1: Foul Ball, location: 2F
1-2: Strikes out looking
Top of the 6th over - 2 runs, 2 hits, 0 errors, 0 left on base; Casper 9 - Belvedere Park 3
BOTTOM OF THE 6TH
Belvedere Park Rawhides batting - Pitching for Casper Ghosts : LHP Jorge Oyas
Batting: LHB Ken Gill 0-0: Called Strike
0-1: Ball
1-1: SINGLE (Flyball, 9LS, EV 86.9 MPH)
Batting: RHB Wallace Belyeu 0-0: Ball
1-0: Called Strike
1-1: Ground out 3-1 (Groundball, 34S, EV 81.9 MPH)
Ken Gill to second
Batting: LHB Alec Hall 0-0: Called Strike
0-1: Fly out, F9 (Flyball, 9LD, EV 97.5 MPH)
Runner from 2nd tags up, SAFE at 3rd, no throw by RF
Batting: RHB Toyoshige Ine 0-0: Ball
1-0: Fly out, F8 (Flyball, 8LD, EV 98.1 MPH)
Bottom of the 6th over - 0 runs, 1 hit, 0 errors, 1 left on base; Casper 9 - Belvedere Park 3
TOP OF THE 7TH
Casper Ghosts batting - Pitching for Belvedere Park Rawhides : RHP Ed Kreuze
Batting: LHB Charles Godard 0-0: Ground out 4-3 (Groundball, 4, EV 103.8 MPH)
Batting: LHB Duncan Witteman 0-0: Called Strike
0-1: Swinging Strike
0-2: Fly out, F7 (Line Drive, 7, EV 93.8 MPH)
Batting: RHB César Guerra 0-0: Ball
1-0: Foul Ball, location: 2F
1-1: Foul Ball, location: 2F
1-2: Ball
2-2: Foul Ball, location: 2F
2-2: SINGLE (Line Drive, 3D, EV 103.1 MPH)
Batting: RHB Tristan Eikelenboom 0-0: Fly out, F7 (Flyball, 7D, EV 100.6 MPH)
Top of the 7th over - 0 runs, 1 hit, 0 errors, 1 left on base; Casper 9 - Belvedere Park 3
BOTTOM OF THE 7TH
Belvedere Park Rawhides batting - Pitching for Casper Ghosts : LHP Jorge Oyas
Batting: RHB Woodrow McGuire 0-0: Fly out, F6 (Popup, 6M, EV 57.5 MPH)
Batting: LHB Bill Dixon 0-0: Foul Ball, location: 2F
0-1: Swinging Strike
0-2: DOUBLE (Line Drive, 8LXD, EV 102.5 MPH)
Batting: RHB Hang-ki Chung 0-0: Called Strike
0-1: Ball
1-1: Foul Ball, location: 2F
1-2: Strikes out looking
Batting: RHB Duane Davis 0-0: Foul Ball, location: 2F
0-1: Ball
1-1: Ball
2-1: 2-RUN HOME RUN (Flyball, 9LD, EV 94.4 MPH), Distance : 343 ft
Batting: RHB Jaime Martínez 0-0: Foul Ball, location: 2F
0-1: Foul Ball, location: 2F
0-2: Ground out 5-3 (Groundball, 5, EV 87.5 MPH)
Bottom of the 7th over - 2 runs, 2 hits, 0 errors, 0 left on base; Casper 9 - Belvedere Park 5
TOP OF THE 8TH
Casper Ghosts batting - Pitching for Belvedere Park Rawhides : RHP Ed Kreuze
Pitching: RHP Ivano Carbonetti
Batting: SHB Arend van der Veen 0-0: Called Strike
0-1: Foul Ball, location: 2F
0-2: Strikes out swinging
Batting: LHB Carlos Campos 0-0: Called Strike
0-1: Called Strike
0-2: Ball
1-2: Ball
2-2: Ball
3-2: Base on Balls
Batting: LHB Ed Holte Pickoff Throw to First - Out! 1-3
0-0: Called Strike
0-1: Foul Ball, location: 2F
0-2: Foul Ball, location: 2F
0-2: Ball
1-2: Foul Ball, location: 2F
1-2: Ball
2-2: Ball
3-2: SOLO HOME RUN (Flyball, 9D, EV 101.9 MPH), Distance : 363 ft
Batting: LHB Basava Puri 0-0: Ball
1-0: Ball
2-0: Ball
3-0: Called Strike
3-1: Fly out, F8 (Flyball, 8LXD, EV 92.5 MPH)
Top of the 8th over - 1 run, 1 hit, 0 errors, 0 left on base; Casper 10 - Belvedere Park 5
BOTTOM OF THE 8TH
Belvedere Park Rawhides batting - Pitching for Casper Ghosts : LHP Jorge Oyas
Pitching: RHP Ipe de Deugd
Batting: LHB Ken Gill 0-0: Swinging Strike
0-1: Ball
1-1: Foul Ball, location: 2F
1-2: Fly out, F4 (Flyball, 4D, EV 93.1 MPH)
Batting: RHB Wallace Belyeu 0-0: Ball
1-0: Foul Ball, location: 2F
1-1: Foul Ball, location: 2F
1-2: SINGLE (Line Drive, 6MD, EV 111.2 MPH)
Batting: LHB Alec Hall 0-0: Called Strike
0-1: Foul Ball, location: 2F
0-2: Ball
1-2: Foul Ball, location: 2F
1-2: SINGLE (Groundball, 34D, EV 103.1 MPH)
Wallace Belyeu to second
Runner from 2nd tries for 3rd, SAFE, throw by RF made to third
Batting: RHB Toyoshige Ine 0-0: Foul Ball, location: 2F
0-1: Ball
1-1: Fielders Choice at 2nd, 5-4 (Groundball, 56, EV 85.0 MPH)
Wallace Belyeu scores
Batting: RHB Woodrow McGuire 0-0: Swinging Strike
0-1: Ground out 4-3 (Groundball, 4, EV 84.4 MPH)
Bottom of the 8th over - 1 run, 2 hits, 0 errors, 1 left on base; Casper 10 - Belvedere Park 6
TOP OF THE 9TH
Casper Ghosts batting - Pitching for Belvedere Park Rawhides : RHP Ivano Carbonetti
Batting: RHB Ángel Castro 0-0: Called Strike
0-1: Called Strike
0-2: Ball
1-2: Ball
2-2: Fly out, F7 (Flyball, 78S, EV 93.1 MPH)
Batting: LHB Charles Godard 0-0: Foul Ball, location: 2F
0-1: Swinging Strike
0-2: Ball
1-2: Ball
2-2: Foul Ball, location: 2F
2-2: Fly out, F8 (Flyball, 8RM, EV 91.9 MPH)
Pitching: RHP Paul Garrison
Batting: LHB Duncan Witteman 0-0: Ball
1-0: Ground out 4-3 (Groundball, 4, EV 83.8 MPH)
Top of the 9th over - 0 runs, 0 hits, 0 errors, 0 left on base; Casper 10 - Belvedere Park 6
BOTTOM OF THE 9TH
Belvedere Park Rawhides batting - Pitching for Casper Ghosts : RHP Ipe de Deugd
Batting: LHB Bill Dixon 0-0: Ball
1-0: Foul Ball, location: 2F
1-1: Ball
2-1: Swinging Strike
2-2: Fly out, F9 (Flyball, 9D, EV 80.6 MPH)
Batting: RHB Hang-ki Chung 0-0: Ball
1-0: Ball
2-0: Called Strike
2-1: Swinging Strike
2-2: Ground out 4-3 (Groundball, 4M, EV 103.8 MPH)
Batting: RHB Duane Davis 0-0: Called Strike
0-1: Foul Ball, location: 2F
0-2: Ball
1-2: Ball
2-2: Ball
3-2: Strikes out swinging
Bottom of the 9th over - 0 runs, 0 hits, 0 errors, 0 left on base; Casper 10 - Belvedere Park 6
Thursday, January 23rd, 2020 - OOTP Baseball 20.8 Build 74